 Dungeon Crawl Stone Soup version 0.21.1-1-g345015f (webtiles) character file.

9160 nicolaieve the Severer (level 11, 0/97 HPs)
             Began as a Minotaur Berserker on July 7, 2018.
             Was a High Priest of Trog.
             Slain by a killer bee (1 damage)
             ... on level 10 of the Dungeon.
             The game lasted 00:33:29 (6321 turns).

nicolaieve the Severer (Minotaur Berserker)         Turns: 6321, Time: 00:33:29

Health: 0/97       AC: 17    Str: 25    XL:     11   Next: 19%
Magic:  10/10      EV:  7    Int:  4    God:    Trog [*****.]
Gold:   502        SH:  2    Dex: 10    Spells: 10/10 levels left

rFire    . . .     SeeInvis .   s - +0 war axe
rCold    . . .     Gourm    .   (no shield)
rNeg     . . .     Faith    .   w - +0 plate armour
rPois    .         Spirit   .   (helmet restricted)
rElec    .         Reflect  +   D - scarf {repulsion}
rCorr    +         Harm     .   n - +0 pair of gloves
MR       ++...                  q - +1 pair of boots
Stlth    ..........             i - +2 amulet of reflection
HPRegen  1.26/turn              x - ring of resist corrosion
MPRegen  0.12/turn              (no ring)

@: lethally poisoned (0 -> -1), berserk cooldown, regenerating, slowed, drained,
repel missiles, very slow
A: retaliatory headbutt, horns 2
a: Berserk, Trog's Hand, Brothers in Arms, Burn Spellbooks, Renounce Religion


You were on level 10 of the Dungeon.
You worshipped Trog.
Trog was extremely pleased with you.
You were near starving.

You visited 1 branch of the dungeon, and saw 10 of its levels.
You also visited: Sewer.

You collected 532 gold pieces.
You spent 30 gold pieces at shops.

Inventory:

Hand Weapons
 b - a cursed -1 whip
 e - a +0 hand axe of venom
 s - a +0 war axe (weapon)
 F - a +1 battleaxe of venom
Armour
 n - a +0 pair of gloves (worn)
 q - a +1 pair of boots (worn)
 w - a +0 plate armour (worn)
 D - a scarf of repulsion (worn)
Jewellery
 i - a +2 amulet of reflection (around neck)
 x - a ring of resist corrosion (left hand)
Wands
 k - a wand of disintegration (28)
 o - a wand of polymorph (9)
 p - a wand of enslavement (9)
 G - a wand of random effects (57)
 L - a wand of iceblast (7)
Scrolls
 a - a scroll of immolation {unknown}
 d - 6 scrolls of teleportation {unknown}
 g - 7 scrolls of remove curse
 h - 3 scrolls of enchant armour
 j - 2 scrolls of amnesia {unknown}
 v - 3 scrolls of enchant weapon {unknown}
 y - a scroll of identify
 C - 2 scrolls of fog {unknown}
 K - a scroll of acquirement {unknown}
Potions
 f - a potion of haste
 l - a potion of brilliance
 m - a potion of agility {unknown}
 r - 2 potions of curing
 t - 5 potions of flight
 z - 2 potions of might
 A - a potion of mutation {unknown}
 B - a potion of lignification {unknown}
 M - a potion of ambrosia {unknown}
Comestibles
 c - 15 rations
 E - a chunk of flesh


   Skills:
 + Level 9.1(7.8) Fighting
 * Level 15.9(14.4) Axes
 + Level 10.0(8.7) Armour
 - Level 2.1(1.1) Dodging


You had 10 spell levels left.
You didn't know any spells.

Dungeon Overview and Level Annotations

Branches:
Dungeon (10/15)            Temple (0/1) D:5
   Lair: D:8-11         Orc: D:9-12

Altars:
Ashenzari
Dithmenos
Elyvilon
Makhleb
Qazlal
Zin
The Shining One

Shops:
D:7 *


Innate Abilities, Weirdness & Mutations

You reflexively headbutt those who attack you in melee.
You have a pair of horns on your head.


Message History

The orc wizard hits you but does no damage.
The wraith hits you but does no damage.
You slash the wraith!
You destroy the wraith!
Trog accepts your kill.
You miss the killer bee. You barely miss the orc wizard.
You feel sick. The killer bee stings you.
* * * LOW HITPOINT WARNING * * *
You are lethally poisoned!
The killer bee poisons you!
The orc wizard hits you but does no damage.
The killer bee stings you but does no damage.
The orc wizard hits you but does no damage.
The killer bee stings you but does no damage.
You closely miss the orc. You headbutt the orc.
The orc is moderately wounded.
You hit the orc wizard. You miss the killer bee.
* * * LOW HITPOINT WARNING * * *
You feel sick. The killer bee stings you.
You die...

#.# #.# ... #.# # #.#
# #.# # #.# # ####@##
# #..yoo# # #..oW.# #
#.....# # #.....# #
#.....###############
###.................)
#..################
#..#


You could see a wraith, a killer bee, an orc wizard and 2 orcs.

Vanquished Creatures
  Josephine (D:10)
  The ghost of nicolaieve the Cleaver, a novice MiBe of Trog (D:9)
  3 two-headed ogres (D:8)
  The ghost of airwow the Cleaver, a novice HOFi of Trog (D:6)
  A troll (D:10)
  Grinder (D:6)
  Prince Ribbit (D:6)
  A hippogriff (D:8)
  Sigmund (D:7)
  3 wraiths (D:10)
  Eustachio (D:4)
  The ghost of eyesofgods1 the Chopper, an amateur DgFi (D:4)
  A steam dragon (D:8)
  Menkaure (D:4)
  Duvessa (D:7)
  A water moccasin (D:6)
  3 orc warriors (D:8)
  A phantom (D:4)
  4 ice beasts
  2 sky beasts
  A necrophage (D:7)
  An eye of draining (D:9)
  An ogre (D:4)
  3 centaurs
  Blork the orc (D:5)
  A bullfrog (D:9)
  2 big kobolds
  Dowan (D:7)
  4 scorpions
  2 wyvern skeletons (D:8)
  2 killer bees (D:10)
  A howler monkey (D:6)
  3 crimson imps
  2 bullfrog zombies
  5 hounds
  2 jellies
  4 orc wizards
  4 orc priests
  A bullfrog skeleton (D:5)
  3 worker ants
  Ijyb (D:5)
  2 hound zombies
  4 gnolls (D:5)
  4 river rats
  13 adders
  A shadow imp (D:6)
  An ooze (D:1)
  An adder zombie (D:6)
  An adder skeleton (D:8)
  A worm (D:6)
  A dart slug (D:1)
  8 leopard geckos
  25 orcs
  9 bats
  6 giant cockroaches
  8 goblins
  5 hobgoblins
  20 jackals
  5 quokkas
  3 ball pythons
  4 frilled lizards
  A jackal skeleton (D:3)
  13 kobolds
  2 quokka skeletons
  7 rats
220 creatures vanquished.

Vanquished Creatures (others)
  An orc (D:8)
  4 fungi (D:5)
5 creatures vanquished.

Grand Total: 225 creatures vanquished

Notes
Turn   | Place    | Note
-------+----------+-------------------------------------------
     0 | D:1      | nicolaieve the Minotaur Berserker began the quest for the Orb.
     0 | D:1      | Reached XP level 1. HP: 19/19 MP: 0/0
   145 | D:1      | Reached skill level 4 in Axes
   145 | D:1      | Reached XP level 2. HP: 25/27 MP: 1/1
   357 | D:1      | Reached XP level 3. HP: 33/33 MP: 2/2
   507 | D:2      | Reached ** piety under Trog
   713 | D:2      | Reached skill level 5 in Axes
  1188 | D:3      | Reached XP level 4. HP: 35/40 MP: 3/3
  1481 | D:4      | Noticed Eustachio
  1780 | D:4      | Found a glowing golden altar of the Shining One.
  1780 | D:4      | Noticed a phantom
  1780 | D:4      | Noticed an ogre
  1785 | D:4      | Killed an ogre
  1785 | D:4      | Reached skill level 6 in Axes
  1785 | D:4      | Reached XP level 5. HP: 47/47 MP: 4/4
  1788 | D:4      | Killed a phantom
  1788 | D:4      | Reached skill level 7 in Axes
  1788 | D:4      | Reached XP level 6. HP: 55/55 MP: 5/5
  1920 | D:4      | Noticed eyesofgods1's ghost (amateur DgFi)
  1925 | D:4      | Reached *** piety under Trog
  1932 | D:4      | Killed eyesofgods1's ghost
  1932 | D:4      | Reached skill level 5 in Fighting
  1932 | D:4      | Reached skill level 8 in Axes
  1932 | D:4      | Reached XP level 7. HP: 61/61 MP: 6/6
  1996 | D:4      | Found a glowing drain.
  2003 | Sewer    | Entered a sewer
  2071 | Sewer    | Reached skill level 9 in Axes
  2088 | Sewer    | Found a white marble altar of Elyvilon.
  2169 | D:4      | Killed Eustachio
  2346 | D:4      | Noticed Menkaure
  2352 | D:4      | Killed Menkaure
  2385 | D:4      | Found a glowing silver altar of Zin.
  2386 | D:4      | Found a white marble altar of Elyvilon.
  2388 | D:4      | Found a glowing golden altar of the Shining One.
  2454 | D:5      | Entered Level 5 of the Dungeon
  2454 | D:5      | Noticed Ijyb
  2454 | D:5      | Noticed Blork the orc
  2459 | D:5      | Killed Blork the orc
  2459 | D:5      | Reached skill level 10 in Axes
  2479 | D:5      | Reached XP level 8. HP: 61/69 MP: 7/7
  2479 | D:5      | Killed Ijyb
  2661 | D:5      | Found a staircase to the Ecumenical Temple.
  2765 | D:5      | Reached skill level 5 in Armour
  2883 | D:5      | Reached **** piety under Trog
  3049 | D:6      | Noticed Prince Ribbit
  3056 | D:6      | Reached skill level 11 in Axes
  3063 | D:6      | Killed Prince Ribbit
  3140 | D:6      | Noticed airwow's ghost (novice HOFi)
  3153 | D:6      | Killed airwow's ghost
  3153 | D:6      | Reached skill level 12 in Axes
  3153 | D:6      | Reached XP level 9. HP: 64/78 MP: 8/8
  3226 | D:6      | Found a stormy altar of Qazlal.
  3227 | D:6      | Noticed Sigmund
  3258 | D:6      | Noticed Grinder
  3259 | D:6      | Paralysed by Grinder for 5 turns
  3268 | D:6      | Paralysed by Grinder for 2 turns
  3275 | D:6      | Killed Grinder
  3338 | D:6      | Found a shadowy altar of Dithmenos.
  3712 | D:7      | Found Loczajoh's General Store.
  3715 | D:7      | Bought a scroll of identify for 30 gold pieces
  3751 | D:7      | Killed Sigmund
  3751 | D:7      | Reached skill level 13 in Axes
  3858 | D:7      | Noticed Duvessa
  3858 | D:7      | Noticed Dowan
  3873 | D:7      | Killed Duvessa
  3878 | D:7      | Killed Dowan
  4512 | D:8      | Noticed a two-headed ogre
  4572 | D:8      | Noticed a two-headed ogre
  4584 | D:8      | Killed a two-headed ogre
  4584 | D:8      | Reached skill level 14 in Axes
  4584 | D:8      | Reached XP level 10. HP: 56/86 MP: 9/9
  4758 | D:8      | Reached ***** piety under Trog
  5021 | D:8      | Noticed a two-headed ogre
  5025 | D:8      | Killed a two-headed ogre
  5112 | D:8      | Killed a two-headed ogre
  5112 | D:8      | Reached skill level 15 in Axes
  5172 | D:8      | Found a burning altar of Makhleb.
  5591 | D:9      | Noticed nicolaieve's ghost (novice MiBe)
  5611 | D:9      | Killed nicolaieve's ghost
  5612 | D:9      | Found a shattered altar of Ashenzari.
  6072 | D:10     | Entered Level 10 of the Dungeon
  6102 | D:10     | Reached XP level 11. HP: 81/95 MP: 10/10
  6272 | D:10     | Noticed Josephine
  6293 | D:10     | HP: 3/95 [wraith[Josephine] (3)]
  6318 | D:10     | Killed Josephine
  6318 | D:10     | Reached skill level 10 in Armour
  6318 | D:10     | HP: 4/97 [wraith[Josephine] (7)]
  6320 | D:10     | HP: 1/97 [killer bee (2)]
  6321 | D:10     | Slain by a killer bee

Skill      XL: |  1  2  3  4  5  6  7  8  9 10 11 |
---------------+----------------------------------+-----
Axes           | 4 5 6 7 8 10 12 14 15 | 15.9
Fighting       | 4 5 6 7 8 9 |  9.1
Armour         | 3 4 6 8 9 10 | 10.0
Dodging        | |  2.1

Action                   |  1- 3 |  4- 6 |  7- 9 | 10-12 || total
-------------------------+-------+-------+-------+-------++-------
Melee: Hand axe          |    73 |    73 |   348 |   125 ||   619
       Headbutt          |     7 |     5 |    65 |    38 ||   115
       War axe           |       |       |       |    27 ||    27
Invok: Berserk           |       |     3 |     6 |     4 ||    13
       Trog's Hand       |       |     1 |     1 |     2 ||     4
       Burn Spellbooks   |       |       |       |     1 ||     1
  Use: Scroll            |     1 |       |     5 |     5 ||    11
       Potion            |       |       |       |     3 ||     3
 Stab: Sleeping          |     1 |       |       |       ||     1
  Eat: Chunk             |     1 |     2 |    14 |     9 ||    26
       Ration            |       |     1 |       |       ||     1
Armor: Animal skin       |     7 |       |       |       ||     7
       Leather armour    |    12 |    11 |       |       ||    23
       Scale mail        |       |    21 |    25 |       ||    46
       Plate armour      |       |       |   125 |   106 ||   231
Dodge: Dodged            |    54 |    68 |    85 |    49 ||   256
       Deflected         |       |       |     2 |     1 ||     3
Block: Other             |     2 |     6 |    13 |    10 ||    31
